[Event "Early-Titled-Tuesday-Blitz-October-03-2023"]
[Site "Chess.com"]
[Date "2023.10.03"]
[Round "5"]
[White "SRob2003"]
[Black "chito89"]
[Result "0-1"]
[WhiteElo "2612"]
[BlackElo "2810"]
[TimeControl "180+1"]
[EndTime "8:54:10 PDT"]
[Termination "chito89 won by resignation"]

1. c4 Nf6 2. g3 e5 3. Bg2 d5 4. cxd5 Nxd5 5. Nf3 Nc6 6. O-O Nb6 7. d3 Be7 8. a3 O-O 9. Nc3 Re8 10. b4 Bf8 11. Bb2 a5 12. b5 Nd4 13. Nd2 Bg4 14. Bxb7 Rb8 15. Bg2 Qd7 16. Re1 Nxb5 17. Nxb5 Qxb5 18. Rb1 Qd7 19. Qc2 Rec8 20. Bxe5 Bxa3 21. Bxg7 Qa4 22. Qxa4 Nxa4 23. Ra1 Bb4 24. Bh6 Nc3 25. f3 Be6 26.
e4 a4 27. d4 c6 28. Bf1 a3 29. Bc4 Bxc4 30. Nxc4 a2 31. Bd2 Rd8 32. Bxc3 Bxc3 33.
Rxa2 Bxe1 0-1

[Event "Early-Titled-Tuesday-Blitz-October-03-2023"]
[Site "Chess.com"]
[Date "2023.10.03"]
[Round "5"]
[White "djano"]
[Black "Orest_Vovk"]
[Result "1-0"]
[WhiteElo "2667"]
[BlackElo "2527"]
[TimeControl "180+1"]
[EndTime "8:54:10 PDT"]
[Termination "djano won by resignation"]

1. d4 h6 2. e4 g5 3. Nc3 Bg7 4. h4 g4 5. Bc4 c5 6. Be3 Nc6 7.
Qxg4 Kf8 8. Qh5 e6 9. dxc5 Bxc3+ 10. bxc3 Nf6 11. Qe2 Qa5 12. Qd3 Nxe4 13. Ne2 Nf6 14. Qd6+ Kg7 15. Rh3 Rg8 16. Rg3+ Kh8 17. Qf4 Rxg3 18.
Qxf6+ Kg8 19. fxg3 d5 20. Bxh6 1-0

[Event "Early-Titled-Tuesday-Blitz-October-03-2023"]
[Site "Chess.com"]
[Date "2023.10.03"]
[Round "5"]
[White "cycygogne"]
[Black "Better_Chess_Faster"]
[Result "1-0"]
[WhiteElo "2227"]
[BlackElo "2006"]
[TimeControl "180+1"]
[EndTime "8:54:12 PDT"]
[Termination "cycygogne won by checkmate"]

1. e4 Nf6 2. e5 Nd5 3. d4 d6 4. f4 dxe5 5. fxe5 c5 6. c4 Nb4 7. d5 Bf5 8. Na3 e6 9. d6 Qh4+ 10. g3 Qe4+ 11. Qe2 Qxh1 12. Be3 Qe4 13. O-O-O Nd7 14. Bg2 Qg4 15. Bf3 Qg6 16. Bh5 Nxa2+ 17. Kd2 Nxe5 18. Bxg6 hxg6 19. Nb5 Bg4 20. Qf2 Bxd1 21.
Kxd1 O-O-O 22. Bxc5 Nxc4 23. Qxf7 Rd7 24. Qe8+ Rd8 25.
Nxa7+ Kb8 26. Qxd8# 1-0

[Event "Early-Titled-Tuesday-Blitz-October-03-2023"]
[Site "Chess.com"]
[Date "2023.10.03"]
[Round "5"]
[White "crazy_m_attack"]
[Black "LubovMarkelova"]
[Result "1-0"]
[WhiteElo "2406"]
[BlackElo "2208"]
[TimeControl "180+1"]
[EndTime "8:54:15 PDT"]
[Termination "crazy_m_attack won on time"]

1. e4 c5 2. Nf3 d6 3. d4 cxd4 4. Nxd4 Nf6 5. Nc3 g6 6. Be2 Bg7 7. Be3 O-O 8. O-O Nc6 9. Nb3 Bd7 10. f4 a6 11. a4 Rc8 12. Kh1 Re8 13. Qd2 h5 14.
Rad1 Bg4 15. Bg1 Bxe2 16. Qxe2 Nd7 17. f5 Nde5 18. fxg6 fxg6 19. Nd5 Rf8 20. Nf4 Qe8 21. Ne6 Rxf1 22. Rxf1 Kh7 23. Ng5+ Kg8 24. Qd1 e6 25. Qxd6 Rd8 26. Qxe6+ Qxe6 27. Nxe6 Rd7 28. Nbc5 1-0

[Event "Early-Titled-Tuesday-Blitz-October-03-2023"]
[Site "Chess.com"]
[Date "2023.10.03"]
[Round "5"]
[White "AjedrezenMadrid"]
[Black "Rutricks"]
[Result "0-1"]
[WhiteElo "2466"]
[BlackElo "2672"]
[TimeControl "180+1"]
[EndTime "8:54:18 PDT"]
[Termination "Rutricks won by resignation"]

1. b3 a5 2. c4 a4 3. bxa4 d5 4. cxd5 Nf6 5. Nf3 Nxd5 6. g3 Bd7 7. Nc3 Nxc3 8. dxc3 Bxa4 9. Qxd8+ Kxd8 10. Bg2 f6 11. Nd4 e5 12. Ne6+ Kc8 13. Be3 Bc6 14. Bh3 Bd7 15. O-O Ra6 16. Nxf8 Bxh3 17. Bc5 b6 18.
Rfb1 bxc5 19. Rxb8+ Kxb8 0-1

[Event "Early-Titled-Tuesday-Blitz-October-03-2023"]
[Site "Chess.com"]
[Date "2023.10.03"]
[Round "5"]
[White "Dmitry_Konenkin"]
[Black "lrestevez"]
[Result "1-0"]
[WhiteElo "2382"]
[BlackElo "2117"]
[TimeControl "180+1"]
[EndTime "8:54:20 PDT"]
[Termination "Dmitry_Konenkin won by resignation"]

1. d4 Nf6 2. Bg5 Ne4 3. Bh4 c5 4. f3 Nf6 5. dxc5 Qa5+ 6. Nc3 Qxc5 7. Bf2 Qc7 8. e4 d6 9. Qd2 a6 10. O-O-O e6 11. Bg3 e5 12. f4 Nc6 13. Nf3 Be7 14. Nd5 Nxd5 15. exd5 Nd4 16. fxe5 Nxf3 17. gxf3 O-O 18.
Kb1 Rd8 19. f4 Bf5 20. Bd3 Bxd3 21. Qxd3 Rac8 22. Rhe1 Bf8 23. e6 fxe6 24. dxe6 Be7 25. c3 b5 26. a3 Qc4 27. Qf5 Rf8 28. Qd5 Qxd5 29. Rxd5 Rc4 30. f5 h6 31. Bxd6 Bxd6 32. Rxd6 Rxf5 33. e7 1-0

[Event "Early-Titled-Tuesday-Blitz-October-03-2023"]
[Site "Chess.com"]
[Date "2023.10.03"]
[Round "5"]
[White "Kildepiotr"]
[Black "Balla_Tamas"]
[Result "1-0"]
[WhiteElo "2641"]
[BlackElo "2441"]
[TimeControl "180+1"]
[EndTime "8:54:23 PDT"]
[Termination "Kildepiotr won by resignation"]

1. Nf3 c5 2. g3 Nc6 3. Bg2 g6 4. c3 Bg7 5. d4 cxd4 6. cxd4 d5 7.
O-O Nf6 8. Nc3 O-O 9. Ne5 Bf5 10.
Nxc6 bxc6 11. b3 Ne4 12. Na4 Qc8 13. Ba3 Re8 14. Rc1 Bh3 15. Bxh3 Qxh3 16. Rxc6 Nf6 17.
f3 Nh5 18. Rf2 e5 19. Bb2 e4 20. Nc3 exf3 21. Rxf3 Bh6 22. Nxd5 Rad8 23. Nf6+ Nxf6 24. Rcxf6 Re3 25. Rxf7 Rde8 26. Qf1 Qe6 27. Bc1 Rxe2 28. Bxh6 Re1 29. Rf8+ 1-0

[Event "Early-Titled-Tuesday-Blitz-October-03-2023"]
[Site "Chess.com"]
[Date "2023.10.03"]
[Round "5"]
[White "colegiodemadrid"]
[Black "FERNANDEZL1983"]
[Result "0-1"]
[WhiteElo "2410"]
[BlackElo "2593"]
[TimeControl "180+1"]
[EndTime "8:54:29 PDT"]
[Termination "FERNANDEZL1983 won by resignation"]

1. e4 c5 2. Nf3 a6 3. c4 d6 4. d4 cxd4 5. Nxd4 Nf6 6. Nc3 e6 7. Be3 Be7 8. Be2 O-O 9. Qd2 b6 10.
O-O Bb7 11. f3 Nbd7 12. b4 Rc8 13. Rac1 Qc7 14. a3 Qb8 15. Rc2 Bd8 16. Kh1 Bc7 17. Bg1 Rfd8 18. Rb1 Nf8 19. Nb3 d5 20. cxd5 exd5 21. exd5 Bf4 22. Qe1 Nxd5 23. Nxd5 Rxc2 24. Ne7+ Kh8 25. Nd4 Rd2 26. Ndc6 Bxc6 27. Nxc6 Qc7 28. Nxd8 Rxd8 29. Bxa6 Ne6 30. a4 h6 31. Qf2 Rd4 32.
Qe2 Rd2 33. Qe4 Ng5 34. Qa8+ Kh7 35. Qb7 Qc2 36. h4 Qxb1 37. hxg5 Rd1 38. Qe4+ Qxe4 39.
fxe4 Be3 0-1

[Event "Early-Titled-Tuesday-Blitz-October-03-2023"]
[Site "Chess.com"]
[Date "2023.10.03"]
[Round "5"]
[White "ODreamchess"]
[Black "Sadykov_Ramil"]
[Result "1-0"]
[WhiteElo "2772"]
[BlackElo "2602"]
[TimeControl "180+1"]
[EndTime "8:54:30 PDT"]
[Termination "ODreamchess won by resignation"]

1. Nf3 Nf6 2. g3 g6 3. Bg2 Bg7 4. O-O O-O 5. b3 c5 6. Bb2 Nc6 7. d3 b6 8. c4 Bb7 9. Nbd2 d5 10.
a3 a5 11. cxd5 Nxd5 12. Bxg7 Kxg7 13. Qc2 f6 14. Rac1 e5 15. Rfd1 Rc8 16. Qb2 Re8 17. e3 Nde7 18. Ne4 Nf5 19. h3 Qe7 20. Nc3 Red8 21.
Nd2 Rxd3 22. Nd5 Qd8 23. Nc4 Rxd1+ 24. Rxd1 b5 25. Nc3 Qf8 26. Nxb5 Rd8 27. Qe2 Qe7 28. Nc3 Nb8 29. Rxd8 Qxd8 30. Bxb7 Qc7 31. Be4 Ne7 32. Qd2 Nd7 33. Qd6 Qxd6 34. Nxd6 f5 35. Bf3 e4 36. Be2 Kf6 37. Nc4 Nc6 38. Na4 Nde5 39. Nxe5 Kxe5 40. Nxc5 g5 41. Nb7 h6 42. Bb5 Na7 43. Bd7 f4 44.
Nxa5 1-0

[Event "Early-Titled-Tuesday-Blitz-October-03-2023"]
[Site "Chess.com"]
[Date "2023.10.03"]
[Round "5"]
[White "noblerone"]
[Black "Kyrie-Eleven"]
[Result "1-0"]
[WhiteElo "2493"]
[BlackElo "2306"]
[TimeControl "180+1"]
[EndTime "8:54:30 PDT"]
[Termination "noblerone won by resignation"]

1. d4 Nf6 2. Nf3 d5 3. Bg5 e6 4. Nbd2 Be7 5. e3 O-O 6. Bd3 Nbd7 7. O-O c5 8. c3 b6 9. Qa4 c4 10. Bb1 b5 11. Qc2 a5 12. Ne5 g6 13. Nc6 Qe8 14.
Nxe7+ Qxe7 15. e4 Qe8 16. e5 Nh5 17. g4 Ng7 18. Bf6 Nb8 19. Nf3 h5 20. Qd2 Kh7 21. Ng5+ Kg8 22. Ne4 Kh7 23. Nd6 Qd7 24. Qg5 Rg8 25.
Bc2 Nf5 26. Nxc8 Qxc8 27. Kh1 hxg4 28. Bxf5 1-0

[Event "Early-Titled-Tuesday-Blitz-October-03-2023"]
[Site "Chess.com"]
[Date "2023.10.03"]
[Round "5"]
[White "slorovel"]
[Black "Kirill_Klukin"]
[Result "0-1"]
[WhiteElo "2482"]
[BlackElo "2704"]
[TimeControl "180+1"]
[EndTime "8:54:31 PDT"]
[Termination "Kirill_Klukin won on time"]

1. e4 c5 2. Nf3 g6 3. c3 Bg7 4.
d4 cxd4 5. cxd4 d5 6. e5 a6 7. Bd3 Nc6 8. O-O f6 9. Re1 Bg4 10.
Nc3 fxe5 11. dxe5 e6 12. Bf4 Nge7 13. h3 O-O 14. h4 Rxf4 15. Qd2 Rf8 16. Ng5 h6 17. f3 hxg5 18. fxg4 gxh4 19. Qg5 Qb6+ 20. Kh1 h3 21. Re2 Rf2 22. gxh3 Raf8 23. Rxf2 Qxf2 24. Rf1 Qg3 25. Rxf8+ Kxf8 26. Bxg6 Qxh3+ 27. Kg1 Qg3+ 28. Kh1 Nxe5 29. Bh5 Qh3+ 30. Kg1 Nf3+ 31. Kf2 Nxg5 0-1

[Event "Early-Titled-Tuesday-Blitz-October-03-2023"]
[Site "Chess.com"]
[Date "2023.10.03"]
[Round "5"]
[White "LangesNasenhaar"]
[Black "curradogianfigliazzi"]
[Result "1-0"]
[WhiteElo "2439"]
[BlackElo "2260"]
[TimeControl "180+1"]
[EndTime "8:54:31 PDT"]
[Termination "LangesNasenhaar won by resignation"]

1. d4 d5 2. Nc3 Nf6 3. Bf4 e6 4. Nb5 Bb4+ 5. c3 Ba5 6. a4 c6 7. b4 cxb5 8. bxa5 Qxa5 9. Qb3 O-O 10. e3 Ne4 11. Ne2 Bd7 12. f3 bxa4 13. Qxb7 Nxc3 14.
Kf2 Bc6 15. Qb2 Nxe2 16. Bxe2 Na6 17. Rhc1 Bd7 18. Qb7 g5 19. Bxg5 f6 20. Qxd7 fxg5 21.
Bxa6 Qxa6 22. Rc7 1-0

[Event "Early-Titled-Tuesday-Blitz-October-03-2023"]
[Site "Chess.com"]
[Date "2023.10.03"]
[Round "5"]
[White "ajedrez-facil"]
[Black "Kielinkei"]
[Result "0-1"]
[WhiteElo "2275"]
[BlackElo "2459"]
[TimeControl "180+1"]
[EndTime "8:54:33 PDT"]
[Termination "Kielinkei won by resignation"]

1. e4 c5 2. Nf3 e6 3. d4 cxd4 4. Nxd4 Nc6 5. Nc3 Qc7 6. Be3 a6 7. Be2 Nf6 8. O-O Be7 9. Qd2 O-O 10.
Rad1 d6 11. f4 Nxd4 12. Bxd4 b5 13. a3 Bb7 14. Bf3 e5 15. Be3 exf4 16. Bxf4 Rad8 17. Rf2 Qb6 18. Be3 Qc7 19. Nd5 Nxd5 20. exd5 Bf6 21. Bd4 Bxd4 22. Qxd4 Qc5 23. c3 Qxd4 24. Rxd4 Rfe8 25.
Kf1 Re5 26. Re2 Rde8 27. Rxe5 dxe5 28. Rd2 e4 29. Bd1 Rd8 30. Bb3 Rd6 31. Ke2 f5 32. Ke3 Kf7 33. Kd4 Kf6 34. Kc5 Ke5 35. g3 g5 36. Ba2 e3 37. Re2 f4 38. gxf4+ gxf4 39. b3 Bxd5 40. c4 bxc4 41. bxc4 Bf3 42. Re1 Rd1 0-1

[Event "Early-Titled-Tuesday-Blitz-October-03-2023"]
[Site "Chess.com"]
[Date "2023.10.03"]
[Round "5"]
[White "ChainedDowntohell"]
[Black "Fore_Man"]
[Result "0-1"]
[WhiteElo "2420"]
[BlackElo "2275"]
[TimeControl "180+1"]
[EndTime "8:54:35 PDT"]
[Termination "Fore_Man won on time"]

1. d4 Nf6 2. Nf3 e6 3. c4 c5 4.
g3 d5 5. cxd5 Nxd5 6. Bg2 Nc6 7.
O-O Be7 8. dxc5 Bxc5 9. Qc2 Bb6 10. Rd1 Qf6 11. a3 O-O 12. e4 Nde7 13. Nc3 h6 14.
Nb5 e5 15. h3 Bxh3 16. Bxh3 Qxf3 17. Rd3 Qf6 18. Kg2 Nd4 19. Nxd4 Bxd4 20. Be3 Nc6 21. Qb3 Bxe3 22. Rxe3 Nd4 23. Qa4 b5 24. Qa5 Nc2 25. Rf3 Qc6 26. Rd1 Nd4 27. Re3 f5 28. Qe1 f4 29. gxf4 Rxf4 30. Rc3 Qf6 31. Rd2 Nf3 32. Qd1 Nxd2 33. Qxd2 Rf8 34. f3 Rxf3 35. Rc2 Rf4 0-1

[Event "Early-Titled-Tuesday-Blitz-October-03-2023"]
[Site "Chess.com"]
[Date "2023.10.03"]
[Round "5"]
[White "CSB7"]
[Black "Mr_Lion22"]
[Result "1-0"]
[WhiteElo "2736"]
[BlackElo "2495"]
[TimeControl "180+1"]
[EndTime "8:54:45 PDT"]
[Termination "CSB7 won by checkmate"]

1. Nf3 d5 2. e3 c6 3. c4 Bg4 4. cxd5 cxd5 5. Nc3 Nc6 6. Qb3 d4 7. Qxb7 Rc8 8. Bb5 Qb6 9. Qxb6 axb6 10. Nxd4 Bd7 11.
Nxc6 Bxc6 12. Bxc6+ Rxc6 13. Ke2 Nf6 14. d3 e6 15. Bd2 Be7 16. Rhc1 Kd7 17. Nb5 e5 18. Rxc6 Kxc6 19. a4 Nd5 20. Rc1+ Kd7 21.
e4 Nf6 22. Rc7+ Ke6 23. f4 exf4 24. Nd4+ Kd6 25. Bxf4# 1-0

[Event "Early-Titled-Tuesday-Blitz-October-03-2023"]
[Site "Chess.com"]
[Date "2023.10.03"]
[Round "5"]
[White "SharapovEvgeny"]
[Black "blitzking1729"]
[Result "1-0"]
[WhiteElo "2590"]
[BlackElo "2721"]
[TimeControl "180+1"]
[EndTime "8:54:48 PDT"]
[Termination "SharapovEvgeny won by resignation"]

1. e4 d6 2. d4 Nf6 3. Nc3 e5 4.
Nf3 exd4 5. Nxd4 Be7 6. Bc4 O-O 7. O-O Nc6 8. Nxc6 bxc6 9. Re1 Nd7 10. b3 Bf6 11. Bb2 Ne5 12. Bf1 Ng6 13. Na4 Bxb2 14. Nxb2 Qf6 15. Nd3 a5 16. a4 Re8 17. Qd2 Ba6 18. Rad1 Bxd3 19. Bxd3 Re5 20. g3 h5 21. f4 Rc5 22. Qf2 h4 23. e5 hxg3 24. hxg3 Qd8 25.
e6 Ne7 26. exf7+ Kxf7 27. Re2 Qd7 28. Rde1 Re8 29. Qf3 g6 30. g4 Kf8 31. Bxg6 Nxg6 32.
Rxe8+ Qxe8 33. Rxe8+ Kxe8 34. Qe4+ Kf7 35. c4 Nf8 36. f5 d5 37. Qe5 1-0

[Event "Early-Titled-Tuesday-Blitz-October-03-2023"]
[Site "Chess.com"]
[Date "2023.10.03"]
[Round "5"]
[White "guillembaches"]
[Black "Kgutierrez95"]
[Result "0-1"]
[WhiteElo "2495"]
[BlackElo "2215"]
[TimeControl "180+1"]
[EndTime "8:54:48 PDT"]
[Termination "Kgutierrez95 won by checkmate"]

1. Nf3 d5 2. b3 Nf6 3. Bb2 Nc6 4. e3 e6 5. c4 dxc4 6. bxc4 Be7 7. g4 h6 8. Rg1 h5 9. g5 Ne4 10. Qc2 Nxg5 11.
Nxg5 Bxg5 12. Bxg7 Rg8 13. Qh7 Kd7 14. Rxg5 Qxg5 15.
Qxg8 Ne5 16. f4 Nf3+ 17. Kd1 Qg1 18. Qxf7+ Kc6 19. Qe8+ Bd7 20. Qxa8 Qxf1+ 21. Kc2 Qxc4+ 22. Nc3 e5 23. e4 Nd4+ 24. Kc1 Qd3 25. Kd1 Qf1# 0-1

[Event "Early-Titled-Tuesday-Blitz-October-03-2023"]
[Site "Chess.com"]
[Date "2023.10.03"]
[Round "5"]
[White "Gurvich_Vitaly"]
[Black "andrzej"]
[Result "1-0"]
[WhiteElo "2709"]
[BlackElo "2467"]
[TimeControl "180+1"]
[EndTime "8:54:49 PDT"]
[Termination "Gurvich_Vitaly won by checkmate"]

1. e4 e5 2. Nf3 Nf6 3. Nxe5 d6 4. Nc4 Nxe4 5. Nc3 Nxc3 6. dxc3 Be7 7. Bd3 O-O 8. O-O Nd7 9. Ne3 Nf6 10. c4 b6 11. b3 Bb7 12. Bb2 Re8 13. Nf5 Bf8 14.
Qd2 Be4 15. Qg5 Bxf5 16. Qxf5 Qd7 17. Qf3 Qg4 18. Qc6 Qd7 19. Be4 Qe6 20. Qxa8 Rxa8 21. Bxa8 Nd7 22. Rae1 Qg6 23. Be4 Qg5 24. Bc1 Qa5 25.
a4 Qh5 26. h3 Nc5 27. Bd5 Qf5 28. Re8 Qxc2 29. Bg5 Nd7 30. Rfe1 Qxb3 31. Bc6 Qxc4 32. Bxd7 h6 33. Rxf8+ Kh7 34. Bd8 g6 35. Bf6 g5 36.
Bf5# 1-0

[Event "Early-Titled-Tuesday-Blitz-October-03-2023"]
[Site "Chess.com"]
[Date "2023.10.03"]
[Round "5"]
[White "GMJustin"]
[Black "NovikovaGalina"]
[Result "0-1"]
[WhiteElo "2199"]
[BlackElo "2404"]
[TimeControl "180+1"]
[EndTime "8:54:49 PDT"]
[Termination "NovikovaGalina won on time"]

1. d4 e5 2. dxe5 d6 3. Nf3 Nc6 4. exd6 Bxd6 5. g3 Bg4 6. Bg2 Qe7 7. Bg5 f6 8. Be3 O-O-O 9. Qc1 h5 10. Nc3 Nh6 11.
Nh4 g5 12. Ng6 Qd7 13. Nxh8 Rxh8 14. Nd5 Be6 15. Nxf6 Qf7 16. Bxg5 Ng4 17. Nxg4 hxg4 18. Bf4 Bd5 19. Bxd5 Qxd5 20. O-O Qh5 21. h4 gxh3 22. Bxd6 h2+ 23. Kh1 Qd5+ 24. f3 Qxd6 25. Qf4 Qe7 26. e4 Kb8 27. Rad1 a6 28. Rd2 Rf8 29. Qe3 Ne5 30. Rg2 Qb4 31. c3 Qb5 32. Qe2 Qd7 33. Rxh2 Rg8 34. Rg2 Qh7+ 35. Kg1 Rh8 36. Rh2 Qg8 37.
Rxh8 Qxh8 38. g4 Ng6 39. Qf2 Nf4 40. Qh2 Qf6 41. Rf2 Nd3 42. Rd2 Ne5 43. Qg3 Nxf3+ 44. Kg2 Nxd2 45. g5 Qf1+ 46. Kh2 Nf3+ 47. Qxf3 Qxf3 0-1

[Event "Early-Titled-Tuesday-Blitz-October-03-2023"]
[Site "Chess.com"]
[Date "2023.10.03"]
[Round "5"]
[White "PeshkaCh"]
[Black "RichardLeyvaP"]
[Result "1-0"]
[WhiteElo "2791"]
[BlackElo "2587"]
[TimeControl "180+1"]
[EndTime "8:54:53 PDT"]
[Termination "PeshkaCh won by resignation"]

1. Nf3 Nf6 2. d4 g6 3. g3 Bg7 4. Bg2 O-O 5. O-O d6 6. c4 c6 7. Nc3 Qa5 8. Bg5 h6 9. Bxf6 Bxf6 10. Qd2 Bg7 11. Rac1 Nd7 12. Rfd1 a6 13. e4 Nf6 14. e5 dxe5 15. Nxe5 Rd8 16. c5 Qc7 17. Qf4 Qb8 18. h4 Be6 19. a3 Rf8 20. Re1 Qc8 21. Na4 Nd5 22. Bxd5 Bxd5 23. Nb6 Qd8 24. Nxa8 Qxa8 25. Nd7 Re8 26. Nb6 Qd8 27. Nxd5 Qxd5 28. Rcd1 g5 29.
hxg5 hxg5 30. Qc7 Bxd4 31. Qxb7 Qxc5 32. Rf1 e5 33. Rc1 Qb5 34. Qxc6 Qxb2 35. Qxe8+ 1-0

[Event "Early-Titled-Tuesday-Blitz-October-03-2023"]
[Site "Chess.com"]
[Date "2023.10.03"]
[Round "5"]
[White "becemix"]
[Black "milovichalex"]
[Result "1-0"]
[WhiteElo "2520"]
[BlackElo "2312"]
[TimeControl "180+1"]
[EndTime "8:54:53 PDT"]
[Termination "becemix won by resignation"]

1. e4 e5 2. Nf3 Nc6 3. Bb5 a6 4.
Ba4 Nf6 5. Qe2 b5 6. Bb3 Be7 7. c3 O-O 8. O-O d6 9. h3 Na5 10. Bc2 c5 11. Rd1 Qc7 12. d4 Be6 13. d5 Bd7 14.
Nbd2 c4 15. Nf1 Nb7 16. g4 Nc5 17. Ng3 g6 18. Bh6 Rfb8 19. Kh2 Bxg4 20. Rg1 Qd7 21. Nf5 Bxf5 22. exf5 e4 23. fxg6 fxg6 24. Nd4 Nxd5 25. Bxe4 Nxe4 26. Qxe4 Nf6 27. Rxg6+ Kh8 28. Bg7+ 1-0

[Event "Early-Titled-Tuesday-Blitz-October-03-2023"]
[Site "Chess.com"]
[Date "2023.10.03"]
[Round "5"]
[White "JACK_BAU3R"]
[Black "BJthechessgod"]
[Result "0-1"]
[WhiteElo "2006"]
[BlackElo "2355"]
[TimeControl "180+1"]
[EndTime "8:54:53 PDT"]
[Termination "BJthechessgod won on time"]

1. d4 Nf6 2. c3 d5 3. Bf4 Bf5 4. Qb3 Qc8 5. e3 e6 6. Nd2 Nbd7 7. c4 c6 8. Rc1 Nh5 9. Bg3 Nxg3 10. hxg3 Bd6 11.
Ngf3 Nf6 12. Nh4 Bg4 13. f4 Nh5 14. e4 g5 15. Nhf3 Nxg3 16. e5 Nxh1 17. exd6 gxf4 18. Ne5 Qd8 19. d7+ Kf8 20. Nxg4 Qh4+ 21. Nf2 Qxf2+ 22.
Kd1 Ng3 23. Qa3+ Kg7 24. Qe7 h6 25. Bd3 Rhd8 26. cxd5 cxd5 27. Rc7 Qxd4 28. Rxb7 Qxd3 0-1

[Event "Early-Titled-Tuesday-Blitz-October-03-2023"]
[Site "Chess.com"]
[Date "2023.10.03"]
[Round "5"]
[White "FairChess_on_YouTube"]
[Black "Galileo22"]
[Result "1-0"]
[WhiteElo "3067"]
[BlackElo "2670"]
[TimeControl "180+1"]
[EndTime "8:54:59 PDT"]
[Termination "FairChess_on_YouTube won by resignation"]

1. d4 Nf6 2. c4 e6 3. Nf3 Bb4+ 4. Bd2 Qe7 5. g3 O-O 6. Bg2 Nc6 7. O-O Bxd2 8.
Qxd2 d6 9. Nc3 e5 10. Rac1 Bg4 11. dxe5 dxe5 12. Nd5 Qd6 13. Rfd1 Rad8 14. Qg5 Bxf3 15.
Bxf3 Nd4 16. Nxf6+ Qxf6 17. Qxf6 gxf6 18. Kg2 Nxf3 19.
Kxf3 f5 20. Rd5 f6 21. Rcd1 Rxd5 22. Rxd5 Rf7 23. e4 fxe4+ 24. Kxe4 Kg7 25. Kf5 Re7 26. f3 Kf7 27. g4 h6 28. c5 Kg7 29. h4 Kf7 30. h5 Kg7 31. b4 a6 32. a4 Kf7 33. b5 axb5 34. axb5 Kg7 35. b6 cxb6 36. cxb6 Rf7 37. Rd6 Rf8 38. Rd7+ Rf7 39. Ke6 Rxd7 40.
Kxd7 f5 41. gxf5 Kf6 42. Kc7 Kxf5 43. Kxb7 Kf4 44. Kc6 Kxf3 45. b7 e4 46. b8=Q e3 47. Qf8+ Kg2 48. Qxh6 e2 49. Qe3 1-0

[Event "Early-Titled-Tuesday-Blitz-October-03-2023"]
[Site "Chess.com"]
[Date "2023.10.03"]
[Round "5"]
[White "taleslascando"]
[Black "ajedrezhoy"]
[Result "0-1"]
[WhiteElo "2020"]
[BlackElo "2365"]
[TimeControl "180+1"]
[EndTime "8:55:03 PDT"]
[Termination "ajedrezhoy won on time"]

1. e4 Nf6 2. e5 Nd5 3. Nf3 d6 4. exd6 cxd6 5. d4 g6 6. c4 Nb6 7. b3 Bg7 8. Bb2 O-O 9. Nbd2 Nc6 10. Be2 Bf5 11. a3 d5 12. O-O dxc4 13. bxc4 Nxd4 14. Nxd4 Bxd4 15. Bxd4 Qxd4 16. Nf3 Qxd1 17. Rfxd1 Rac8 18. Rac1 Rc5 19. Nd4 Rfc8 20. Nb3 R5c7 21. c5 Na4 22. Bf3 Be6 23. Nd4 Nxc5 24. Nb5 Rd7 25. Nxa7 Rxd1+ 26. Rxd1 Ra8 27. Nb5 Ra5 28. Nd4 Rxa3 29. Nxe6 fxe6 30. Rb1 Ra6 31. g3 b6 32. Kf1 Kf7 33. Be2 Ra2 34.
Rxb6 Ne4 35. Rxe6 Ra1+ 0-1

[Event "Early-Titled-Tuesday-Blitz-October-03-2023"]
[Site "Chess.com"]
[Date "2023.10.03"]
[Round "5"]
[White "ExchangeAB"]
[Black "HanSchut"]
[Result "1-0"]
[WhiteElo "2495"]
[BlackElo "2318"]
[TimeControl "180+1"]
[EndTime "8:55:04 PDT"]
[Termination "ExchangeAB won on time"]

1. d4 Nf6 2. Nc3 d5 3. Bf4 e6 4. e3 Bd6 5. Nf3 a6 6. Ne5 Nbd7 7. Nxd7 Qxd7 8. Bd3 Bxf4 9. exf4 c5 10. dxc5 Qc7 11.
Qd2 Qxc5 12. O-O b5 13. Ne2 Bb7 14. c3 O-O 15. a3 Qc7 16. Nd4 Nh5 17. g3 g6 18. Qe2 Ng7 19. Rfe1 Rfe8 20. Qe5 Qxe5 21. Rxe5 Reb8 22. Rae1 Bc8 23. g4 Bd7 24. f5 gxf5 25.
gxf5 Nxf5 26. Bxf5 exf5 27. Rxd5 Rd8 28. Re7 Be6 29. Rxd8+ Rxd8 30. Nxe6 fxe6 31. Rxe6 Rd2 32. b4 Rd3 33. Rxa6 Rxc3 34. Ra5 Kg7 35. Rxb5 Rxa3 36. Rxf5 Kg6 37. Rb5 Rb3 38. Kg2 h5 39. h4 Rb2 40.
Kg3 Rb3+ 41. f3 Rb1 42. Kf4 Rh1 43. Rb6+ Kf7 44. Kg5 Rf1 45. f4 Rg1+ 46. Kxh5 Kg7 47. f5 Kf7 48. b5 Rg2 49. Rc6 1-0

[Event "Early-Titled-Tuesday-Blitz-October-03-2023"]
[Site "Chess.com"]
[Date "2023.10.03"]
[Round "5"]
[White "emeli_chess"]
[Black "stratacticos"]
[Result "1-0"]
[WhiteElo "2348"]
[BlackElo "1757"]
[TimeControl "180+1"]
[EndTime "8:55:05 PDT"]
[Termination "emeli_chess won on time"]

1. d4 Nf6 2. c4 c5 3. d5 b5 4. cxb5 a6 5. b6 e6 6. Nc3 Nxd5 7. Nxd5 exd5 8. Qxd5 Nc6 9. Nf3 Be7 10. e4 O-O 11.
Bc4 Qxb6 12. O-O d6 13. Ng5 Bxg5 14. Qxg5 Ne5 15. Be2 Be6 16. Qe3 Rab8 17. b3 c4 18. Qxb6 Rxb6 19. Be3 Rc6 20. Rfc1 cxb3 21. axb3 Rxc1+ 22. Rxc1 Bxb3 23. Bxa6 h6 24. f3 d5 25. Bc5 Rd8 26.
Rb1 Bc4 27. Bxc4 Nxc4 28. Rd1 d4 29. Rxd4 Rc8 30. Rxc4 1-0

[Event "Early-Titled-Tuesday-Blitz-October-03-2023"]
[Site "Chess.com"]
[Date "2023.10.03"]
[Round "5"]
[White "goldihouse"]
[Black "ChessicallyInclined"]
[Result "0-1"]
[WhiteElo "2605"]
[BlackElo "2800"]
[TimeControl "180+1"]
[EndTime "8:55:06 PDT"]
[Termination "ChessicallyInclined won on time"]

1. c4 e5 2. g3 c6 3. d4 e4 4. d5 Nf6 5. Bg2 Bb4+ 6. Bd2 Qe7 7. Nc3 cxd5 8. Nxd5 Nxd5 9. cxd5 e3 10. fxe3 O-O 11. Nf3 Bxd2+ 12. Qxd2 d6 13. Nd4 Na6 14.
b4 Bd7 15. O-O Rfe8 16. e4 g6 17. Rac1 Rac8 18. a3 Bg4 19. Qf4 h5 20. h3 Bd7 21. Kh2 Ba4 22. Qf3 Nb8 23. h4 Nd7 24. Bh3 Ne5 25. Qf4 Rc4 26. Rxc4 Nxc4 27. Rc1 Ne5 0-1

[Event "Early-Titled-Tuesday-Blitz-October-03-2023"]
[Site "Chess.com"]
[Date "2023.10.03"]
[Round "5"]
[White "santosalberto1987"]
[Black "Zurability"]
[Result "1-0"]
[WhiteElo "2494"]
[BlackElo "2699"]
[TimeControl "180+1"]
[EndTime "8:55:09 PDT"]
[Termination "santosalberto1987 won on time"]

1. e4 c5 2. Nf3 d6 3. Bb5+ Nd7 4. d4 cxd4 5. Qxd4 a6 6. Bxd7+ Bxd7 7. Nc3 e5 8. Qd3 h6 9. Nd2 Be6 10. Nc4 Nf6 11. Ne3 Be7 12. O-O O-O 13. Ncd5 Nxd5 14. Nxd5 f5 15. f4 fxe4 16. Qxe4 Rc8 17. c3 Rc5 18. Nxe7+ Qxe7 19. Be3 Rc4 20. Qd3 exf4 21. b3 b5 22. bxc4 Bxc4 23. Qd4 Bxf1 24. Bxf4 Bxg2 25. Kxg2 Qe2+ 26. Kg1 1-0

[Event "Early-Titled-Tuesday-Blitz-October-03-2023"]
[Site "Chess.com"]
[Date "2023.10.03"]
[Round "5"]
[White "tolimachess"]
[Black "LeRoidesChampions"]
[Result "0-1"]
[WhiteElo "2426"]
[BlackElo "2617"]
[TimeControl "180+1"]
[EndTime "8:55:10 PDT"]
[Termination "LeRoidesChampions won by checkmate"]

1. Nc3 g6 2. e4 Bg7 3. g3 c5 4. Bg2 Nc6 5. d3 d6 6. Be3 a6 7.
a4 Rb8 8. h4 h5 9. Nh3 b5 10. axb5 axb5 11. Qd2 b4 12. Nd1 Nf6 13.
O-O Nd4 14. f3 Be6 15. Kh2 Qc8 16. Ng5 Bd7 17. Nf2 e5 18. Ra7 Nc6 19. Raa1 O-O 20.
Bh3 Bxh3 21. Ngxh3 Nd7 22. Bh6 Nd4 23. Kg2 Bxh6 24.
Qxh6 Nxc2 25. Ng5 Nf6 26. Ra7 Ne3+ 27. Kg1 Nxf1 28. Rxf7 Rxf7 29. Qxg6+ Rg7 30. Qxf6 Nxg3 31. Qxd6 Qe8 32. Nfh3 Rd8 33. Qxc5 Ne2+ 34. Kf2 Nd4 35. Qc4+ Kh8 36. f4 Rc8 37. Qa6 Rc2+ 38. Kf1 Qc8 39.
Qh6+ Kg8 40. Nf2 Rxf2+ 41. Kxf2 Qc2+ 42. Kg3 Ne2+ 43. Kf3 Nxf4 44. Qd6 Qe2+ 45. Kg3 Rxg5+ 46. hxg5 Qg2+ 47. Kh4 Qg4# 0-1